 Dungeon Crawl Stone Soup version 0.23.2-33-g5129a83184 (webtiles) character file.

Game seed: 4847483292987278686

3 MalarOregon the Digger (level 1, 0/15 HPs)
             Began as a Ghoul Earth Elementalist on July 15, 2019.
             Slain by a kobold
             ... wielding a +0 short sword
              (7 damage)
             ... on level 1 of the Dungeon.
             The game lasted 00:00:53 (289 turns).

MalarOregon the Digger (Ghoul Earth Elementalist)    Turns: 289, Time: 00:00:53

Health: 0/15       AC:  2    Str: 11    XL:     1   Next: 50%
Magic:  2/2        EV: 12    Int: 10    God:
Gold:   0          SH:  0    Dex:  9    Spells: 2/3 levels left

rFire    . . .     SeeInvis .   (no weapon)
rCold    + . .     Gourm    .   (no shield)
rNeg     + + +     Faith    .   c - +0 robe
rPois    ∞         Spirit   .   (no helmet)
rElec    .         Reflect  .   (no cloak)
rCorr    .         Harm     .   (no gloves)
MR       .....                  (no boots)
Stlth    ++........             (no amulet)
HPRegen  0.00/turn              (no ring)
MPRegen  0.08/turn              (no ring)

@: rotting
A: rotting body, claws 1, carnivore, cold resistance 1, negative energy
resistance 3, inhibited regeneration, torment resistance, unbreathing
a: no special abilities


You were on level 1 of the Dungeon.
You were not hungry.

You visited 1 branch of the dungeon, and saw 1 of its levels.

Inventory:

Missiles
 b - 37 stones (quivered)
Armour
 c - a +0 robe (worn)
Scrolls
 a - a scroll of identify {unknown}
 d - a scroll of teleportation {unknown}
Comestibles
 e - a ration {!d}


   Skills:
 + Level 0.5 Fighting
 - Level 1.7 Dodging
 - Level 2.1 Stealth
 - Level 1.7 Spellcasting
   Level 0.8 Transmutations
 + Level 3.4 Earth Magic


You had 2 spell levels left.
You knew the following spells:

 Your Spells              Type           Power        Failure   Level  Hunger
a - Sandblast             Erth           #.....       8%          1    ##.....

Your spell library contained the following spells:

 Spells                   Type           Power        Failure   Level  Hunger
 Passwall                 Tmut/Erth      #.......     21%         2    ###....
 Stone Arrow              Conj/Erth      #.....       43%         3    ####...
 Petrify                  Tmut/Erth      #.......     78%         4    #####..
 Lee's Rapid Deconstruct  Erth           #.........   91%         5    ######.


Dungeon Overview and Level Annotations

Branches:
Dungeon (1/15)

Altars:


Innate Abilities, Weirdness & Mutations

Your body is rotting away.
You thrive on raw meat.
You are immune to poison.
You have sharp fingernails.
You are carnivorous and can eat meat at any time.
Your flesh is cold resistant. (rC+)
You are immune to negative energy. (rN+++)
You do not regenerate when monsters are visible.
You are immune to unholy pain and torment.
You can survive without breathing.


Message History

b - 38 stones The rat bites you.
* * * LOW HITPOINT WARNING * * *
The kobold hits you with a +0 club.
* * * LOW HITPOINT WARNING * * *
You scratch the rat but do no damage. The rat barely misses you.
You barely miss the rat. The rat closely misses you.
You closely miss the rat. The rat closely misses you.
You scratch the rat.
You kill the rat!
Aim: a kobold, wielding a +0 club The blast of sand hits the kobold.
You kill the kobold!
b - 37 stones
Things that are here:
a +0 club; a kobold corpse You butcher the kobold corpse.
f - a chunk of flesh
Things that are here:
a +0 club; a kobold skeleton You start resting.
You start resting.
You feel your flesh rotting away.
Eating a chunk of flesh.
You eat the chunk of flesh.
You feel more resilient.
This raw flesh tastes great!
A bat comes into view.
A bat is nearby!
A bat is nearby!
A bat is nearby!
A kobold comes into view. It is wielding a +0 short sword.
The bat misses you. The bat hits you but does no damage.
Found 18 stones.
You scratch the bat. The bat barely misses you.
You closely miss the bat. The bat misses you.
You scratch the bat but do no damage. The bat barely misses you.
You scratch the bat but do no damage. The bat hits you but does no damage.
You closely miss the bat. The bat barely misses you.
The bat closely misses you.
The kobold hits you with a +0 short sword.
You scratch the kobold but do no damage.
The bat closely misses you.
The kobold hits you with a +0 short sword.
You scratch the kobold but do no damage.
The bat hits you but does no damage. The kobold misses you.
The bat hits you but does no damage.
You miss the bat. The bat barely misses you. The bat hits you.
* * * LOW HITPOINT WARNING * * *
The kobold hits you with a +0 short sword!
You die...

#..........
########.......... #
.................. +
..........#######. #
#########.#######.
................. ..#
###.........#### #.#
######.........# #.#
#.....K@.......# #.#
#......b##.##### #.#
#.......##..# #####).
#.......##...#####...#..
#.......##...........#..
#.......##..#.....#.....
#.......##..#.....#..#..
#..(....##..#.....#.....
#..#.....#..#..


You could see a bat and a kobold.

Vanquished Creatures
  A bat (D:1)
  A kobold (D:1)
  2 rats (D:1)
4 creatures vanquished.

Notes
Turn   | Place    | Note
-------+----------+-------------------------------------------
     0 | D:1      | MalarOregon the Ghoul Earth Elementalist began the quest
                  | for the Orb.
     0 | D:1      | Reached XP level 1. HP: 14/14 MP: 2/2
   289 | D:1      | Slain by a kobold

Action                   || total
-------------------------++-------
Melee: Unarmed           ||    21
 Cast: Sandblast         ||     4
  Eat: Chunk             ||     2
Armor: Robe              ||     5
Dodge: Dodged            ||    16
